 Dungeon Crawl Stone Soup version 0.20.1-1-g8b1a95d (webtiles) character file.

51 empire the Slasher (level 3, -1/29 HPs)
             Began as a Mummy Fighter on July 24, 2017.
             Slain by an adder (2 damage)
             ... on level 3 of the Dungeon.
             The game lasted 00:02:25 (1408 turns).

empire the Slasher (Mummy Fighter)                  Turns: 1408, Time: 00:02:25

Health: -1/29      AC:  6    Str: 20    XL:     3   Next: 57%
Magic:  3/3        EV:  7    Int:  7    God:
Gold:   43         SH:  8    Dex: 11    Spells: 2/2 levels left

rFire    x . .     SeeInvis .   a - +0 long sword
rCold    + . .     Gourm    .   c - +0 shield
rNeg     + + +     Faith    .   b - +0 scale mail
rPois    ∞         Spirit   .   (no helmet)
rElec    .         Reflect  .   (no cloak)
rCorr    .         Harm     .   (no gloves)
MR       .....                  (no boots)
Stlth    ..........             (no amulet)
Regen    0.1/turn               (no ring)
MPRegen  0.1/turn               (no ring)

@: no status effects
A: no food or potions, fire vulnerability, cold resistance 1, negative energy
resistance 3, torment resistance, unbreathing
a: no special abilities


You were on level 3 of the Dungeon.
You were not hungry.

You visited 1 branch of the dungeon, and saw 3 of its levels.

You collected 43 gold pieces.

Inventory:

Hand Weapons
 a - a +0 long sword (weapon)
 i - a +2 dagger of draining
Armour
 b - a +0 scale mail (worn)
 c - a +0 shield (worn)
Scrolls
 d - 3 scrolls of remove curse {unknown}
 e - a scroll of noise {unknown}
 f - a scroll of enchant weapon {unknown}
 g - 3 scrolls of identify {unknown}
 h - a scroll of recharging {unknown}
 j - a scroll of fog {unknown}
 k - a scroll of teleportation {unknown}


   Skills:
 - Level 3.0 Fighting
 + Level 3.3 Long Blades
 - Level 2.4 Armour
 - Level 2.4 Shields


You had 2 spell levels left.
You didn't know any spells.

Dungeon Overview and Level Annotations

Branches:
Dungeon (3/15)

Altars:
Ashenzari

Annotations:
D:2 Sigmund


Innate Abilities, Weirdness & Mutations

You do not eat or drink.
Your flesh is vulnerable to fire.
You are immune to poison.
Your flesh is cold resistant. (rC+)
You are immune to negative energy. (rN+++)
You are immune to unholy pain and torment.
You can survive without breathing.


Message History

You barely miss the rat. You block the adder's attack.
The rat bites you but does no damage. The orc hits you with a flail.
* * * LOW HITPOINT WARNING * * *
You block the adder's attack. The rat bites you but does no damage.
The rat bites you but does no damage.
You hit the rat.
You kill the rat!
The orc hits you but does no damage. The adder bites you but does no damage.
You closely miss the orc. The adder barely misses you.
The orc hits you with a flail.
* * * LOW HITPOINT WARNING * * *
You hit the orc but do no damage. The adder bites you.
* * * LOW HITPOINT WARNING * * *
The orc hits you but does no damage. The adder bites you but does no damage.
Your shield and scale mail prevent you from hitting the orc.
You block the adder's attack. The orc closely misses you.
You riposte.
You closely miss the orc. The adder bites you but does no damage.
The orc barely misses you.
You barely miss the orc. The adder bites you.
You die...

.# .#### ...
####..... ##..
#......#
_#...####......#
##[............#
....!...o....##
........S@...#
.............#
..<..........+
##......!....#
#.....$.....#
#...........#
#############


You could see an adder and an orc.

Vanquished Creatures
  An adder (D:2)
  An ooze (D:1)
  2 dart slugs
  A leopard gecko (D:1)
  3 giant cockroaches (D:1)
  6 goblins
  3 hobgoblins
  2 jackals (D:1)
  3 kobolds (D:1)
  3 bats
  2 frilled lizards (D:1)
  4 rats
  2 bushes (D:1)
  A plant (D:1)
34 creatures vanquished.

Notes
Turn   | Place    | Note
-------+----------+-------------------------------------------
     0 | D:1      | empire the Mummy Fighter began the quest for the Orb.
     0 | D:1      | Reached XP level 1. HP: 18/18 MP: 1/1
   230 | D:1      | Reached XP level 2. HP: 23/24 MP: 2/2
   827 | D:1      | Reached XP level 3. HP: 22/29 MP: 3/3
  1373 | D:2      | Noticed Sigmund
  1395 | D:3      | Found a shattered altar of Ashenzari.
  1406 | D:3      | HP: 1/29 [adder (2)]
  1408 | D:3      | Slain by an adder

Skill      XL: |  1  2  3 |
---------------+----------+-----
Long Blades    | 2 3 |  3.3
Fighting       | |  3.0
Armour         | |  2.4
Shields        | |  2.4

Action                   || total
-------------------------++-------
Melee: Long sword        ||   300
Armor: Scale mail        ||    69
Dodge: Dodged            ||    35
Block: Shield            ||    73
       Rpst.: Long sword ||    11
